 Dungeon Crawl Stone Soup version 0.26.1-11-gd32895ea62 (webtiles) character file.

Game seed: 16591880294169029748

19 promet the Gusty (level 2, -19/15 HPs)
             Began as a Tengu Air Elementalist on June 15, 2021.
             Demolished by an ogre
             ... wielding a +0 giant club
              (21 damage)
             ... on level 4 of the Dungeon.
             The game lasted 00:08:03 (1154 turns).

promet the Gusty (Tengu Air Elementalist)           Turns: 1154, Time: 00:08:04

Health: -19/15     AC:  2    Str:  8    XL:     2   Next: 75%
Magic:  0/6        EV: 12    Int: 15    God:
Gold:   36         SH:  0    Dex: 14    Spells: 2/5 levels left

rFire    . . .     SeeInvis .   f - +0 dagger
rCold    . . .     Faith    .   (no shield)
rNeg     . . .     Spirit   .   g - +0 robe
rPois    .         Reflect  .   (helmet restricted)
rElec    .         Harm     .   (no cloak)
rCorr    .         Rampage  .   (no gloves)
Will     .....                  (boots unavailable)
Stlth    ++........             (no amulet)
HPRegen  0.05/turn              d - ring of flight
MPRegen  0.10/turn              (no ring)

@: swift (expiring), very slightly contaminated, very quick
A: beak, talons 3
a: Evoke Flight


You were on level 4 of the Dungeon.
You visited 1 branch of the dungeon, and saw 3 of its levels.

You collected 36 gold pieces.

Inventory:

Hand Weapons
 a - a +0 whip
 f - a +0 dagger (weapon)
 k - a cursed +0 mace
Missiles
 b - 7 javelins (quivered)
 h - 12 arrows
 j - 43 stones
Armour
 g - a +0 robe (worn)
Jewellery
 d - a ring of flight (left hand)
Scrolls
 l - 2 scrolls of remove curse
Potions
 c - 2 potions of heal wounds
 e - a potion of haste


   Skills:
 + Level 0.3 Fighting
 + Level 2.1 Dodging
 + Level 2.0 Stealth
 + Level 2.4 Spellcasting
 + Level 1.4 Conjurations
 + Level 4.6 Air Magic


You had 2 spell levels left.
You knew the following spells:

 Your Spells              Type           Power        Failure   Level
a - Shock                 Conj/Air       40%          6%          1
b - Swiftness             Air            15%          4%          2

Your spell library contained the following spells:

 Spells                   Type           Power        Failure   Level
 Static Discharge         Conj/Air       10%          19%         3
 Airstrike                Air            7%           32%         4
 Lightning Bolt           Conj/Air       5%           86%         5


Dungeon Overview and Level Annotations

Branches:
Dungeon (2/15)

Altars:
Ashenzari
Okawaru
Yredelemnul

Annotations:
D:2 1 runed translucent door, Crazy Yiuf


Innate Abilities, Weirdness & Mutations

You have a beak for a mouth.
You have claws for feet.


Message History

The ogre is severely wounded.
The ogre closely misses you.
Casting: Shock (safe; 6% risk of failure)
Confirm with . or Enter, or press ? or * to list all spells.
Aiming: Shock (safe; 6% risk of failure)
Press: ? - help, Shift-Dir - straight line, f/p - ogre
Aim: an ogre, wielding a +0 giant club (severely wounded, 15% to evade)
You miscast Shock.
You are very lightly contaminated with residual magic.
Nothing appears to happen.
The ogre closely misses you.
Casting: Shock (safe; 6% risk of failure)
Confirm with . or Enter, or press ? or * to list all spells.
You don't have enough magic to cast that spell.
Unknown command.
You completely miss the ogre.
The ogre is severely wounded.
You start to feel a little slower.
The ogre hits you with a +0 giant club!!
Ouch! That really hurt!
You die...

*** *****,*
*,,,,,* *,***,*
#########,* *,*
#.......#,* *,*
##.####@#.# *.##
#,* #O#.###..##
*,* #.#<......#
*,* #.#..._...#
*** *,*
#.#.._8_..#*****,,
*,*
#.#........,,,,*,*
*,*
#.#........***,*,*
*,*
#(#.#**,,,,,,,,,,,
*,* #.#.#
*>,,,,,,,,,,


You could see an ogre.

Vanquished Creatures
  A dart slug (D:1)
  A leopard gecko (D:1)
  A giant cockroach (D:1)
  5 goblins (D:1)
  A hobgoblin (D:2)
  2 bats
  2 frilled lizards (D:1)
  A kobold (D:1)
  A rat (D:1)
15 creatures vanquished.

Notes
Turn   | Place    | Note
-------+----------+-------------------------------------------
     0 | D:1      | promet the Tengu Air Elementalist began the quest for the
                  | Orb.
     0 | D:1      | Reached XP level 1. HP: 10/10 MP: 4/4
   347 | D:1      | Reached XP level 2. HP: 15/15 MP: 4/6
   657 | D:2      | Found a runed translucent door.
   658 | D:2      | Noticed Crazy Yiuf
  1113 | D:2      | Learned a level 2 spell: Swiftness
  1113 | D:2      | You fall into a shaft and drop 2 floors!
  1128 | D:4      | Found a basalt altar of Yredelemnul.
  1130 | D:4      | Found an iron altar of Okawaru.
  1130 | D:4      | Noticed an ogre
  1131 | D:4      | Found a broken altar of Ashenzari.
  1154 | D:4      | Demolished by an ogre

Illustrated notes

Levels and vault maps discovered:
D:1:      tarquinn_simple_flora_water_e, layout_rooms
D:2:      layout_rooms, general_overflow_altar, serial_corexii_hall,
          corexii_hall_statues_deadend, corexii_hall_statues_x,
          kennysheep_decorative_pillar, uniq_crazy_yiuf_cottage
D:4:      layout_basic, chequers_temple_overflow_statue_of_worship,
          serial_shops, kennysheep_mini_moat, kennysheep_okawaru_gauntlet,
          uniq_sigmund

Action                   || total
-------------------------++-------
Melee: Whip              ||    25
       Dagger            ||     5
       Kick              ||     3
       Peck              ||     5
Throw: Javelin           ||     1
 Cast: Shock             ||    25
       Swiftness         ||     1
  Use: Scroll            ||     4
       Potion            ||     4
 Stab: Sleeping          ||     2
Armor: Robe              ||    19
Dodge: Dodged            ||    39
